 Dungeon Crawl Stone Soup version 0.25.1-8-g42b30a86e7 (webtiles) character file.

Game seed: 15919241915463691103

28735 puppyhush the Warrior (level 13, -8/128 HPs)
             Began as a Minotaur Berserker on Dec 5, 2020.
             Was an Elder of Trog.
             Mangled by a blink frog (11 damage)
             ... on level 6 of the Lair of Beasts on Dec 7, 2020.
             The game lasted 03:33:32 (14102 turns).

puppyhush the Warrior (Minotaur Berserker)         Turns: 14102, Time: 03:33:33

Health: -8/128     AC: 30    Str: 32    XL:     13   Next: 11%
Magic:  12/12      EV:  7    Int: 12    God:    Trog [****..]
Gold:   850        SH: 13    Dex: 14    Spells: 12/12 levels left

rFire    . . .     SeeInvis +   M - +7 scimitar of Breach {flame, Dex+2}
rCold    + + .     Gourm    .   N - +4 kite shield of a wizard's laboratory {MR- Int+8 SInv Stlth-}
rNeg     . . .     Faith    .   f - +7 chain mail of Mirth {+Inv rPois Regen+ Str+4}
rPois    +         Spirit   .   (helmet restricted)
rElec    .         Reflect  .   t - scarf {+Inv}
rCorr    .         Harm     .   j - +4 pair of gloves "Obusag" {*Corrode *Drain rC++ MR+ Dex+3}
MR       ++...                  (no boots)
Stlth    ..........             Q - amulet of regeneration
HPRegen  2.11/turn              D - +4 ring of protection
MPRegen  0.13/turn              m - +4 ring of protection

@: lethally poisoned (-8 -> -8), corroded, berserk cooldown, regenerating
(expiring), slowed, studying Short Blades, very slow
A: retaliatory headbutt, horns 2
a: Berserk, Trog's Hand, Brothers in Arms, Renounce Religion, Evoke Invisibility


You were on level 6 of the Lair of Beasts.
You worshipped Trog.
Trog was greatly pleased with you.
You were very hungry.

You visited 3 branches of the dungeon, and saw 15 of its levels.

You collected 1070 gold pieces.
You spent 220 gold pieces at shops.

Inventory:

Hand Weapons
 l - a +3 hunting sling of freezing
 M - the +7 scimitar of Breach (weapon) {flame, Dex+2}
   (You took it off an orc on level 8 of the Dungeon)

   It has been specially enchanted to burn those struck by it, causing extra
   injury to most foes and up to half again as much damage against particularly
   susceptible opponents.
   Big, fiery blades are also staple armaments of hydra-hunters.
   It affects your dexterity (+2).
Missiles
 a - 11 javelins
 g - 270 stones
 n - 207 sling bullets
 y - 34 poisoned darts
 H - 7 boomerangs (quivered)
Armour
 f - the +7 chain mail of Mirth (worn) {+Inv rPois Regen+ Str+4}
   (You found it on level 7 of the Dungeon)

   It affects your strength (+4).
   It protects you from poison.
   It lets you turn invisible.
   It increases your rate of regeneration.
 j - the +4 pair of gloves "Obusag" (worn) {*Corrode *Drain rC++ MR+ Dex+3}
   (You found it on level 5 of the Dungeon)

   It affects your dexterity (+3).
   It greatly protects you from cold.
   It affects your resistance to hostile enchantments.
   It may corrode you when you take damage.
   It causes draining when unequipped.
 t - a scarf of invisibility (worn)
 N - the +4 kite shield of a wizard's laboratory (worn) {MR- Int+8 SInv Stlth-}
   (You found it on level 8 of the Dungeon)

   It affects your intelligence (+8).
   It affects your resistance to hostile enchantments.
   It lets you see invisible.
   It makes you less stealthy.
Jewellery
 m - a +4 ring of protection (right hand)
 D - a +4 ring of protection (left hand)
 Q - an amulet of regeneration (around neck)
Wands
 e - a wand of digging (5)
 A - a wand of disintegration (12)
 E - a wand of flame (11)
 F - a wand of iceblast (13)
 K - a wand of paralysis (7)
 W - a wand of acid (4)
Scrolls
 i - 4 scrolls of identify
 q - a scroll of teleportation
 u - a scroll of fear
 v - 9 scrolls of remove curse
 w - a scroll of vulnerability {unknown}
 J - 2 scrolls of blinking {unknown}
 L - 6 scrolls of immolation
 S - 3 scrolls of enchant armour
 T - 2 scrolls of magic mapping {unknown}
Potions
 d - 5 potions of haste
 h - a potion of stabbing
 k - 2 potions of heal wounds
 o - a potion of resistance {unknown}
 p - 2 potions of brilliance {unknown}
 s - a potion of cancellation {unknown}
 z - 3 potions of curing
 G - a potion of might {unknown}
 O - 3 potions of flight {unknown}
 P - a potion of magic {unknown}
 Z - a potion of mutation {unknown}
Books
 R - a manual of Short Blades
Miscellaneous
 U - a phial of floods
 V - a phial of floods
 X - a tin of tremorstones (3/3)
Comestibles
 c - 23 rations
 r - 28 chunks of flesh


   Skills:
 * Level 15.9 Fighting
 + Level 10.9 Long Blades
   Level 4.0(4.8) Axes
   Level 3.7(4.6) Polearms
 - Level 7.0 Slings
 * Level 15.1 Armour
 - Level 2.3 Dodging


You had 12 spell levels left.
You didn't know any spells.
Your spell library contained the following spells:

 Spells                   Type           Power        Failure   Level  Hunger
 Foxfire                  Conj/Fire      #...         100%        1    ##.....
 Conjure Flame            Conj/Fire      #.......     100%        3    ####...
 Ignite Poison            Fire/Tmut/Pois #.......     100%        3    ####...
 Inner Flame              Hex/Fire       #.......     100%        3    ####...
 Cause Fear               Hex            #.........   100%        4    #####..
 Sticky Flame             Conj/Fire      #.......     100%        4    #####..
 Fireball                 Conj/Fire      #.........   100%        5    ######.
 Silence                  Hex/Air        #.........   100%        5    ######.
 Yara's Violent Unravell  Hex/Tmut       #.........   100%        5    ######.
 Starburst                Conj/Fire      #.........   100%        6    #######
 Ring of Flames           Chrm/Fire      #.........   100%        7    #######
 Discord                  Hex            #.........   100%        8    #######
 Ignition                 Fire           #.........   100%        8    #######


Dungeon Overview and Level Annotations

Branches:
Dungeon (8/15)             Temple (0/1) D:7            Lair (6/6) D:8
 Shoals (1/4) Lair:2        Snake (0/4) Lair:3
  Slime: Lair:5-6

Altars:
Cheibriados
Dithmenos
Elyvilon
Fedhas
Gozag
Hepliaklqana
Makhleb
Okawaru
Qazlal
Ru
Uskayaw
Vehumet

Shops:
D:4 =%[!}   D:7 =

Annotations:
Lair:2 2 transporters, Greyn's ghost, journeyman DDFi
Lair:6 exclusion: 3 oklob plants


Innate Abilities, Weirdness & Mutations

You reflexively headbutt those who attack you in melee.
You have a pair of horns on your head.


Message History

A spiny frog comes into view.
The wolf splashes around in the water.
Your two-headed ogre hits the spiny frog with a +0 dire flail!!
Your two-headed ogre barely misses the spiny frog.
The blink frog hits you.
* * * LOW HITPOINT WARNING * * *
The spiny frog stings the plant!!
The komodo dragon closely misses you.
The water moccasin bites you but does no damage.
The spiny frog stings you but does no damage.
The spiny frog stings you!
* * * LOW HITPOINT WARNING * * *
Your corrosive artefact corrodes you!
The wolf bites you.
* * * LOW HITPOINT WARNING * * *
The water moccasin bites the plant.
Your two-headed ogre hits the spiny frog but does no damage.
Your two-headed ogre hits the spiny frog with a +0 giant spiked club!!
The spiny frog dies!
Trog accepts your kill.
The spiny frog stings the plant.
The blink frog hits you!
You die...

≈≈≈≈.PP[):†≈.≈≈P≈≈
≈#≈###PPYY≈.≈≈≈≈≈≈
#######≈≈.≈≈≈≈≈≈≈
####..≈≈≈≈≈≈≈≈P≈.≈≈≈
#..≈≈≈≈≈h≈#≈≈P≈≈≈≈≈≈
≈≈≈≈≈≈≈h≈≈####≈≈≈≈≈≈
P≈≈≈≈≈≈Hh# ≈≈≈≈≈≈
.≈≈≈≈≈lh###
.....FS@≈≈#
....≈SFFPO≈≈≈≈≈
/...P.FSF.....≈
.....≈.≈..≈.≈P.
..#............
...##.?...#.... ...
..#.##...F. ..
.#.... #....


You could see a komodo dragon, a hippogriff, 2 yaks, 3 spiny frogs, a blink
frog, 3 water moccasins, 4 wolves, 2 bullfrogs and a friendly two-headed ogre
(summoned, berserk).

Vanquished Creatures
  A merfolk impaler (Shoals:1)
  4 hydras
  A catoblepas (Lair:4)
  A two-headed ogre (D:8)
  A deep elf mage (D:8)
  4 black mambas
  Joseph (Lair:1)
  5 spiny frogs
  2 rime drakes
  2 komodo dragons
  2 polar bears
  A wind drake (Shoals:1)
  3 tyrant leeches (Lair:6)
  10 blink frogs
  A slime creature (Lair:5)
  9 hippogriffs
  19 yaks
  A spriggan (D:7)
  3 wyverns (Lair:4)
  3 fire bats (Lair:4)
  2 basilisks (Lair:5)
  4 vampire mosquitoes (Lair:6)
  3 swamp worms (Lair:5)
  Menkaure (D:6)
  4 nagas (Lair:3)
  8 water moccasins
  4 porcupines
  2 orc warriors
  A black bear (Lair:3)
  An ice beast (D:6)
  3 phantoms
  4 wolves
  An eye of draining (D:8)
  4 ogres
  2 centaurs
  8 crocodiles
  A big kobold (D:8)
  20 bullfrogs
  2 scorpions (D:7)
  A water moccasin skeleton (D:4)
  4 killer bees (D:8)
  5 howler monkeys
  3 electric eels
  4 crimson imps
  3 jellies
  4 hounds
  An orc wizard (D:4)
  A bullfrog skeleton (D:8)
  2 centaur skeletons
  5 orc priests
  Ijyb (D:5)
  4 iguanas
  10 worker ants
  A hound zombie (D:6)
  A hound skeleton (D:4)
  2 howler monkey zombies
  6 adders
  A shadow imp (D:7)
  2 oozes
  An adder skeleton (D:7)
  4 worms
  A dart slug (D:3)
  8 leopard geckos
  16 orcs
  5 bats
  8 giant cockroaches
  14 goblins
  6 hobgoblins
  13 jackals
  3 quokkas
  4 ball pythons
  10 frilled lizards
  A giant cockroach zombie (D:5)
  8 kobolds
  8 rats
  A fungus (Lair:5)
  3 plants
324 creatures vanquished.

Vanquished Creatures (collateral kills)
  A fire dragon (Lair:2)
  A catoblepas (Lair:4)
  A two-headed ogre (D:8)
  5 spiny frogs (Lair:6)
  4 blink frogs
  2 wyverns
  2 basilisks (Lair:5)
  2 vampire mosquitoes (Lair:6)
  2 bullfrogs (Lair:6)
  An orc (D:8)
21 creatures vanquished.

Vanquished Creatures (others)
  10 fungi
  31 plants
41 creatures vanquished.

Grand Total: 386 creatures vanquished

Notes
Turn   | Place    | Note
-------+----------+-------------------------------------------
     0 | D:1      | puppyhush the Minotaur Berserker began the quest for the
                  | Orb.
     0 | D:1      | Reached XP level 1. HP: 19/19 MP: 0/0
  1085 | D:2      | Reached XP level 2. HP: 27/27 MP: 1/1
  1168 | D:2      | Found a radiant altar of Vehumet.
  1340 | D:2      | Found an iron altar of Okawaru.
  1344 | D:2      | Reached ** piety under Trog
  1359 | D:2      | Reached XP level 3. HP: 27/34 MP: 2/2
  1557 | D:2      | Reached skill level 5 in Fighting
  1617 | D:2      | Found a faded altar of an unknown god.
  1621 | D:2      | Reached XP level 4. HP: 42/42 MP: 3/3
  2304 | D:3      | Reached XP level 5. HP: 24/50 MP: 4/4
  2438 | D:3      | Found a hide-covered altar of Uskayaw.
  2510 | D:3      | Reached *** piety under Trog
  2550 | D:3      | Found a stormy altar of Qazlal.
  2553 | D:3      | Found a burning altar of Makhleb.
  2833 | D:4      | Found a blossoming altar of Fedhas.
  2847 | D:4      | Noticed a centaur
  2847 | D:4      | Noticed a phantom
  2857 | D:4      | Killed a centaur
  2874 | D:4      | Killed a phantom
  2874 | D:4      | Reached skill level 5 in Armour
  2874 | D:4      | Reached XP level 6. HP: 56/60 MP: 5/5
  3036 | D:4      | Found Seplak's Gadget Shop.
  3144 | D:4      | Found Tuptynn's Distillery.
  3172 | D:4      | Found Ducir's Armour Emporium.
  3627 | D:4      | Found Poipnu's Jewellery Emporium.
  3735 | D:4      | Reached XP level 7. HP: 68/68 MP: 6/6
  3794 | D:4      | Found Sirch's Food Emporium.
  4100 | D:5      | Entered Level 5 of the Dungeon
  4400 | D:5      | Reached skill level 1 in Axes
  4400 | D:5      | Reached skill level 1 in Slings
  4408 | D:5      | Got a pair of masterwork gloves
  4416 | D:5      | Identified the +4 pair of gloves "Obusag" {*Corrode *Drain
                  | rC++ MR+ Dex+3} (You found it on level 5 of the Dungeon)
  4480 | D:5      | Noticed Ijyb
  4492 | D:5      | Killed Ijyb
  4845 | D:6      | Noticed Menkaure
  4854 | D:6      | Killed Menkaure
  5443 | D:6      | Reached XP level 8. HP: 75/78 MP: 7/7
  5628 | D:6      | Found a snail-covered altar of Cheibriados.
  5677 | D:6      | Found a sacrificial altar of Ru.
  6198 | D:6      | Found an opulent altar of Gozag.
  6345 | D:7      | Found a staircase to the Ecumenical Temple.
  6365 | D:7      | Reached **** piety under Trog
  6408 | D:7      | Got a scorched chain mail
  6409 | D:7      | Identified the +7 chain mail of Mirth {+Inv rPois Regen+
                  | Str+4} (You found it on level 7 of the Dungeon)
  6892 | D:7      | Found Wiham's Jewellery Boutique.
  6938 | D:7      | Reached skill level 10 in Fighting
  7013 | D:7      | Got a crystal falchion
  7014 | D:7      | Identified the +5 falchion of Wariness {freeze, MP+9 Str+3
                  | Stlth+} (You found it on level 7 of the Dungeon)
  7153 | D:7      | Found a hazy altar of Hepliaklqana.
  7154 | D:7      | Found a shadowy altar of Dithmenos.
  7172 | D:7      | Reached skill level 1 in Long Blades
  7172 | D:7      | Reached XP level 9. HP: 85/85 MP: 8/8
  7837 | D:4      | Bought a box of beasts for 220 gold pieces
  8148 | D:8      | Found a staircase to the Lair.
  8173 | D:8      | Noticed a deep elf mage
  8185 | D:8      | Killed a deep elf mage
  8191 | D:8      | Reached skill level 5 in Slings
  8215 | D:8      | Noticed a two-headed ogre
  8220 | D:8      | Killed a two-headed ogre
  8220 | D:8      | Reached skill level 5 in Long Blades
  8220 | D:8      | Reached skill level 10 in Armour
  8220 | D:8      | Reached XP level 10. HP: 90/96 MP: 9/9
  8229 | D:8      | Identified the +7 scimitar of Breach {flame, Dex+2}
  8320 | D:8      | Got a spiked kite shield
  8354 | D:8      | Identified the +4 kite shield of a wizard's laboratory {MR-
                  | Int+8 SInv Stlth-} (You found it on level 8 of the Dungeon)
  8380 | D:8      | Noticed a two-headed ogre
  8387 | D:8      | Killed a two-headed ogre
  8630 | D:8      | Found a shadowy altar of Dithmenos.
  8814 | D:8      | Found a white marble altar of Elyvilon.
  8972 | Lair:1   | Entered Level 1 of the Lair of Beasts
  9531 | Lair:1   | Noticed Joseph
  9532 | Lair:1   | Noticed a spiny frog
  9549 | Lair:1   | Killed a spiny frog
  9554 | Lair:1   | Killed Joseph
 10047 | Lair:2   | Found a staircase to the Shoals.
 10178 | Lair:2   | Noticed a fire dragon
 10189 | Lair:2   | Killed a fire dragon
 10561 | Lair:2   | Found a transporter.
 10570 | Lair:2   | Noticed a five-headed hydra
 10589 | Lair:2   | Noticed a moth of wrath
 10602 | Lair:2   | Noticed a moth of wrath
 10602 | Lair:2   | Noticed a five-headed hydra
 10602 | Lair:2   | Noticed Greyn's ghost (journeyman DDFi)
 10659 | Lair:2   | Reached XP level 11. HP: 100/105 MP: 10/10
 10849 | Lair:2   | Found a transporter.
 10938 | Shoals:1 | Entered Level 1 of the Shoals
 10943 | Shoals:1 | Noticed a merfolk impaler
 10950 | Shoals:1 | Killed a merfolk impaler
 11406 | Lair:3   | Reached ***** piety under Trog
 12030 | Lair:3   | Found a staircase to the Snake Pit.
 12264 | Lair:4   | Noticed a catoblepas
 12283 | Lair:4   | Killed a catoblepas
 12289 | Lair:4   | Reached XP level 12. HP: 117/117 MP: 11/11
 12397 | Lair:4   | Noticed a five-headed hydra
 12405 | Lair:4   | Killed a two-headed hydra
 12413 | Lair:4   | Received a gift from Trog
 12540 | Lair:4   | Noticed a catoblepas
 12556 | Lair:4   | Killed a catoblepas
 13273 | Lair:5   | Got a fine short sword
 13323 | Lair:5   | Reached skill level 10 in Long Blades
 13585 | Lair:5   | Identified the cursed +1 short sword of Yffumoy {vorpal,
                  | *Corrode rPois Str-4 Int+7} (You found it on level 5 of the
                  | Lair of Beasts)
 13756 | Lair:5   | Reached skill level 15 in Fighting
 13788 | Lair:5   | Noticed an eight-headed hydra
 13795 | Lair:5   | Killed a five-headed hydra
 13846 | Lair:6   | Entered Level 6 of the Lair of Beasts
 13875 | Lair:6   | Noticed a four-headed hydra
 13876 | Lair:6   | Noticed a five-headed hydra
 13883 | Lair:6   | Killed a one-headed hydra
 13889 | Lair:6   | Killed a two-headed hydra
 14037 | Lair:6   | Reached XP level 13. HP: 128/128 MP: 12/12
 14060 | Lair:6   | Reached skill level 15 in Armour
 14067 | Lair:6   | Found the +0 pair of fencer's gloves {Riposte Dex+3}
 14102 | Lair:6   | HP: 3/128 [wolf (4)]
 14102 | Lair:6   | Mangled by a blink frog

Illustrated notes

Levels and vault maps discovered:
D:1:      dpeg_arrival_windows_large_door, layout_basic, minivault_5,
          minmay_liquid_box
D:2:      cheibrodos_greedy_goblins, layout_basic,
          nicolae_overflow_crystal_walls, vehumet_crystals,
          chequers_ecumenical_altar_simple_redux, minmay_lizard_pond
D:3:      layout_loops_ring, overflow_temple_1_default,
          nicolae_overflow_hidden_temple
D:4:      layout_loops_ring, fedhas_bush_and_centaur_altar, first_ration,
          serial_shops, nicolae_shop_trees, nicolae_shop_waterfront, shop,
          kennysheep_little_box, shop
D:5:      layout_basic, uniq_ijyb
D:6:      layout_gridville, marbit_many_paths, overflow_temple_1_default,
          basic_altar, kb_rosetta, uniq_menkaure
D:7:      layout_loops_ring, riverfiend_overflow_shadow_ancestor,
          minmay_temple_entry_offerings, serial_shops, kennysheep_mini_moat,
          the_bakery
D:8:      minmay_the_grid_octo_triangle [minmay_the_grid_octo_vomiting_pacman,
          minmay_the_grid_octo_prize_star, minmay_the_grid_octo_teeth],
          layout_rooms, kennysheep_mini, dpeg_oklobed_lair
Lair:1:   layout_cave_pods, eino_small_chamber_without_monster,
          lemuel_fruit_fields, uniq_joseph
Lair:2:   dragon1_lemuel, layout_long_grid, shoals_dummy_entry,
          gammafunk_ghost_berserking_beasts, infiniplex_staircase_pool,
          serial_bayou_shore_a
Lair:3:   layout_regular_city, guppyfry_snake_entry_island
Lair:4:   layout_regular_city, nicolae_volcano_entry_batcave, st_stairs_13,
          beast_lair_carwin_11
Lair:5:   onia_ninara_swampy_vault, layout_regular_city,
          kennysheep_basilisk_garden
Lair:6:   minmay_lair_end_frog_pond, layout_gridlike, slime_altar_1,
          minmay_lair_oklob_chamber, uniq_rupert
Shoals:1: layout_shoals, ldierk_geyser

Skill      XL: |  1  2  3  4  5  6  7  8  9 10 11 12 13 |
---------------+----------------------------------------+-----
Fighting       | 4 5 6 7 8 9 10 11 12 14 15 | 15.9
Armour         | 3 4 5 6 8 10 11 13 14 15 | 15.1
Axes           | 2 4 |  4.0
Slings         | 2 3 5 6 7 |  7.0
Long Blades    | 1 5 7 9 10 | 10.9
Polearms       | |  3.7
Dodging        | |  2.3

Action                   |  1- 3 |  4- 6 |  7- 9 | 10-12 | 13-15 || total
-------------------------+-------+-------+-------+-------+-------++-------
Melee: Spear             |    30 |       |       |       |       ||    30
       Headbutt          |    11 |     9 |    33 |   110 |    10 ||   173
       Mace              |    43 |    58 |       |       |       ||   101
       Dagger            |       |     1 |       |       |       ||     1
       Hunting sling     |       |     3 |       |       |       ||     3
       War axe           |       |       |    57 |       |       ||    57
       Falchion          |       |       |    47 |       |       ||    47
       Scimitar          |       |       |       |   353 |    31 ||   384
 Fire: Hunting sling     |       |   135 |   119 |    78 |       ||   332
Throw: Stone             |    14 |     3 |     5 |     1 |       ||    23
       Dart              |       |       |       |    14 |       ||    14
       Boomerang         |       |       |       |     3 |     2 ||     5
Invok: Berserk           |     2 |     1 |     4 |     3 |     1 ||    11
       Trog's Hand       |       |     1 |       |       |     1 ||     2
       Brothers in Arms  |       |       |     1 |     5 |     2 ||     8
Evoke: Wand              |       |       |     2 |     2 |     1 ||     5
       Box of beasts     |       |       |       |     1 |       ||     1
       Phial of floods   |       |       |       |     1 |       ||     1
  Use: Scroll            |     5 |     4 |    10 |    16 |     1 ||    36
       Potion            |       |       |     1 |     2 |     1 ||     4
  Eat: Chunk             |     4 |     6 |     4 |     5 |     1 ||    20
       Ration            |       |     1 |     4 |     5 |       ||    10
Armor: Animal skin       |     7 |       |       |       |       ||     7
       Leather armour    |    10 |       |       |       |       ||    10
       Chain mail        |    14 |    53 |    70 |   289 |    67 ||   493
       Scale mail        |       |     7 |       |       |       ||     7
       Plate armour      |       |    72 |    28 |       |       ||   100
Dodge: Dodged            |    43 |    61 |    69 |    90 |    29 ||   292
Block: Buckler           |     3 |    20 |    15 |       |       ||    38
       Kite shield       |       |       |       |   256 |    58 ||   314
       Rpst.: Falchion   |       |       |     4 |       |       ||     4
       Scimitar          |       |       |       |    21 |     7 ||    28
